 Dungeon Sprint DCSS version 0.30-a0-728-gc68057be0a (webtiles) character file.

Game seed: 8866532625248118007

56 rocky1 the Stinger (level 3, 0/32 HPs)
             Began as a Naga Venom Mage on Feb 1, 2023.
             Was an Elder of Cheibriados.
             Slain by a fire bat (5 damage)
             ... in the Dungeon (Sprint VII: "The Pits").
             The game lasted 00:03:05 (961 turns).

rocky1 the Stinger (Naga Venom Mage)                 Turns: 961, Time: 00:03:05

Health: 0/32       AC:  2    Str: 20    XL:     3   Next: 95%
Magic:  8/8        EV: 10    Int: 27    God:    Cheibriados [****..]
Gold:   0          SH:  0    Dex: 21    Spells: 6/9 levels left

rFire   . . .      SeeInvis +    k - +2 trident
rCold   . . .      Faith    .    (no shield)
rNeg    . . .      Spirit   .    a - +0 robe
rPois   +          Reflect  .    (no helmet)
rElec   .          Harm     .    (no cloak)
rCorr   .          Rampage  .    (no gloves)
Will    .....      NoTele   +    (no barding)
Stlth   +++                      (no amulet)
HPRegen 0.25/turn                (no ring)
MPRegen 0.11/turn                (no ring)

@: short of breath, very slow
A: AC +1, large, see invisible, deformed body, poison resistance, slowness 2,
spit poison 1, naga tail 1
a: Spit Poison, Renounce Religion, Bend Time, Temporal Distortion, Slouch


You were in the Dungeon.
You worshipped Cheibriados.
Cheibriados was greatly pleased with you.
You visited 1 branch

Inventory:

Hand Weapons
 k - a +2 trident (weapon)
Armour
 a - a +0 robe (worn)
Scrolls
 g - a scroll of blinking
 i - 5 scrolls of amnesia
 j - a scroll of butterflies
Potions
 b - 5 potions of magic
 c - 6 potions of curing
 d - 5 potions of heal wounds
 e - a potion of haste
 f - 2 potions of berserk rage
 h - 2 potions of invisibility


   Skills:
 + Level 2.1 Fighting
 + Level 2.0 Polearms
 - Level 2.0 Dodging
 + Level 5.2 Stealth
 + Level 3.5 Spellcasting
 - Level 1.3 Transmutations
 + Level 7.0 Poison Magic
 + Level 0.0 Invocations


You had 6 spell levels left.
You knew the following spells:

 Your Spells              Type           Power      Damage    Failure   Level
a - Sting                 Tmut/Pois      100%       1d8       1%          1
b - Poisonous Vapours     Pois/Air       46%        N/A       3%          2

Your spell library contained the following spells:

 Spells                   Type           Power      Damage    Failure   Level
 Olgreb's Toxic Radiance  Pois           42%        N/A       4%          4
 Mephitic Cloud           Conj/Pois/Air  17%        N/A       10%         3


Dungeon Overview and Level Annotations

Branches:
Dungeon (1/1)

Altars:
Ashenzari
Cheibriados
Dithmenos
Elyvilon
Fedhas
Gozag
Hepliaklqana
Kikubaaqudgha
Makhleb
Nemelex Xobeh
Okawaru
Qazlal
Ru
Sif Muna
Trog
Uskayaw
Vehumet
Wu Jian
Xom
Yredelemnul
Zin
The Shining One
Jiyva
Lugonu


Innate Abilities, Weirdness & Mutations

Your serpentine skin is tough. (AC +1)
You have supernaturally acute eyesight. (SInv)
Armour fits poorly on your strangely shaped body.
Your system is resistant to poisons. (rPois)
You cover ground very slowly.
You can spit poison.
You have a snake-like lower body.


Message History

You see here a +2 mace of protection.
You see here a +0 long sword of holy wrath.
You see here a +3 chain mail.
There is an open door here.
There is an open door here.
There is an open door here.
There is an open door here.
You see here a +0 club.
You open the door.
There is an open door here.
As you open the door, it creaks loudly!
A fire bat and a rat come into view.
There is an open door here.
The fire bat closely misses you. The rat misses you.
You puncture the rat!
You kill the rat!
Cheibriados appreciates the change of pace.
The fire bat bites you but does no damage.
The fire bat bites you.
You are engulfed in flames!
The fire bat closely misses you.
You reach to attack!
You puncture the fire bat!
The fire bat is moderately wounded.
The fire bat misses you.
You puncture the fire bat!
The fire bat is severely wounded.
The fire bat bites you.
You are engulfed in flames.
The fire bat bites you.
You are engulfed in flames.
* * * LOW HITPOINT WARNING * * *
You feel much better. The fire bat bites you.
You are engulfed in flames!
The fire bat bites you.
You are engulfed in flames.
* * * LOW HITPOINT WARNING * * *
Unknown command.
Aiming: Spit Poison (2% risk of failure)
Press: ? - help, Shift-Dir - straight line, f/p - fire bat
Aim: a fire bat (severely wounded, wandering, hasn't noticed you, 41% to hit)
The splash of poison hits the fire bat.
The fire bat is almost dead.
The fire bat barely misses you. The fire bat bites you.
You die...

#.#.....#))#####'##
#.###'###))##......
#.#.)...#))##......
#.#.....#[[##......
#.####'##'###...<..
#.#........##......
#.#........##......
#'###########......
#.@b....# #######
#.###...# #.# ..#
#.# .# #.. # #..
#... ####


You could see a fire bat.

Vanquished Creatures
  A jelly (D)
  A gnoll (D)
  An adder zombie (D)
  An orc (D)
  An endoplasm (D)
  4 jackals (D)
  A kobold (D)
  3 rats (D)
13 creatures vanquished.

Notes
Turn   | Place    | Note
-------+----------+-------------------------------------------
     0 | D        | rocky1 the Naga Venom Mage began the quest for the Orb.
     0 | D        | Reached XP level 1. HP: 15/15 MP: 3/3
    49 | D        | Found a bloodstained altar of Trog.
    49 | D        | Found a shimmering blue altar of Sif Muna.
    49 | D        | Found a viscous altar of Jiyva.
    49 | D        | Found a hazy altar of Hepliaklqana.
    49 | D        | Found an opulent altar of Gozag.
    50 | D        | Found a glowing golden altar of the Shining One.
    50 | D        | Found a glowing silver altar of Zin.
    50 | D        | Found a basalt altar of Yredelemnul.
    50 | D        | Found a shimmering altar of Xom.
    50 | D        | Found an ornate altar of the Wu Jian Council.
    50 | D        | Found a sacrificial altar of Ru.
    50 | D        | Found a stormy altar of Qazlal.
    50 | D        | Found an iron altar of Okawaru.
    50 | D        | Found a sparkling altar of Nemelex Xobeh.
    50 | D        | Found a burning altar of Makhleb.
    50 | D        | Found a blossoming altar of Fedhas.
    50 | D        | Found a white marble altar of Elyvilon.
    50 | D        | Found a shadowy altar of Dithmenos.
    50 | D        | Found a snail-covered altar of Cheibriados.
    53 | D        | Found a corrupted altar of Lugonu.
    53 | D        | Found a radiant altar of Vehumet.
    54 | D        | Found an ancient bone altar of Kikubaaqudgha.
    54 | D        | Found a hide-covered altar of Uskayaw.
    54 | D        | Found a broken altar of Ashenzari.
    61 | D        | Became a worshipper of Cheibriados the Contemplative
    86 | D        | Reached skill level 5 in Poison Magic
    86 | D        | Reached XP level 2. HP: 12/22 MP: 0/5
    92 | D        | Reached * piety under Cheibriados
    93 | D        | Reached skill level 6 in Poison Magic
   409 | D        | Learned a level 2 spell: Poisonous Vapours
   413 | D        | Reached ** piety under Cheibriados
   421 | D        | Reached *** piety under Cheibriados
   429 | D        | Reached XP level 3. HP: 22/30 MP: 5/7
   431 | D        | Reached **** piety under Cheibriados
   432 | D        | Reached skill level 5 in Stealth
   432 | D        | Reached skill level 7 in Poison Magic
   951 | D        | Noticed a fire bat
   961 | D        | Slain by a fire bat

Illustrated notes

Levels and vault maps discovered:
D:        pitsprint [storerooms_1, entrance_room_1, metal_vault_2, armoury_1,
          mini_pit_1, grid_room_1, main_hall_1, silver_pit, the_coven_1,
          the_vestibule_1, steel_vault_4, golden_pit, hallway_of_sentries,
          crystal_vault_4, iron_vault_3, final_vault]

Skill      XL: |  1  2  3 |
---------------+----------+-----
Dodging        | 2 |  2.0
Poison Magic   | 5 6 7 |  7.0
Stealth        | 4 5 |  5.2
Spellcasting   | 3 |  3.5
Fighting       | 2 |  2.1
Polearms       | 2 |  2.0
Transmutations | |  1.3

Action                     || total
---------------------------++-------
  Melee: Trident           ||    33
   Cast: Sting             ||     5
Ability: Spit Poison       ||     1
    Use: Potion            ||     2
   Stab: Sleeping          ||     2
 Armour: Robe              ||     2
  Dodge: Dodged            ||    31

Table legend: (Time is in decaauts)
 A = Elapsed time spent in this place.
 B = Non-inter-level travel time spent in this place.
 C = Inter-level travel time spent in this place.
 D = Time resting spent in this place.
 E = Time spent auto-exploring this place.
 F = Levels seen in this place.
 G = Mean time per level.
                   A        B        C        D        E       F      G
               +--------+--------+--------+--------+--------+-----+--------+
         Total |   1103 |   1059 |     44 |    777 |      0 |   1 | 1103.0 |
       Dungeon |   1103 |   1059 |     44 |    777 |      0 |   1 | 1103.0 |
               +--------+--------+--------+--------+--------+-----+--------+

Top non-repeatable levels by time:
       D: 1103 daAuts
